 Dungeon Crawl Stone Soup version 0.28-a0-906-g0406aca7d3 (webtiles) character file.

Game seed: 393693082755880000

4296 oldriver the Thaumaturge (level 10, -3/73 HPs)
             Began as a Djinni Conjurer on Nov 24, 2021.
             Was an Initiate of Makhleb.
             Slain by a warg (13 damage)
             ... on level 8 of the Dungeon.
             The game lasted 00:13:54 (8766 turns).

oldriver the Thaumaturge (Djinni Conjurer)          Turns: 8766, Time: 00:13:55

Health: -3/73      AC:  4    Str:  6    XL:     10   Next: 57%
Gold:   198        EV: 12    Int: 22    God:    Makhleb [......] SH:  0 Dex: 13

rFire   + + +      SeeInvis +   j - +8 hand axe of Acsilef {freeze, rElec SInv}
rCold   + . .      Faith    .   (no shield)
rNeg    . . .      Spirit   .   a - +1 robe
rPois   ∞          Reflect  .   s - +1 hat
rElec   +          Harm     .   e - scarf {rC+ rF+}
rCorr   .          Rampage  .   (no gloves)
Will    +....                   (boots unavailable)
Stlth   ++........              (no amulet)
HPRegen 0.22/turn               b - ring of protection from cold
MPRegen 0.00/turn               (no ring)

@: flying
A: sickness immunity, fire resistance 2, cold vulnerability 1, float, innate
caster, hp casting, extra vitality 1
a: Renounce Religion


You were on level 8 of the Dungeon.
You worshipped Makhleb.
Makhleb was noncommittal.
You visited 2 branches of the dungeon, and saw 9 of its levels.
You also visited: Ossuary.

You collected 518 gold pieces.
You spent 320 gold pieces at shops.

Inventory:

Hand Weapons
 j - the +8 hand axe of Acsilef (weapon) {freeze, rElec SInv}
   (You found it on level 4 of the Dungeon)

   It freezes those it strikes, dealing additional cold damage.
   It can also slow down cold-blooded creatures.
   rElec:     It insulates you from electricity.
   SInv:      It lets you see invisible.
Armour
 a - a +1 robe (worn)
 e - a scarf of resistance (worn)
 s - a +1 hat (worn)
Jewellery
 b - a ring of protection from cold (left hand)
Scrolls
 d - 2 scrolls of fear
 f - 3 scrolls of noise {unknown}
 g - 6 scrolls of teleportation
 h - a scroll of enchant armour
 l - a scroll of immolation {unknown}
 n - a scroll of summoning {unknown}
 o - 9 scrolls of identify
 q - a scroll of magic mapping {unknown}
 r - a scroll of fog {unknown}
 t - a scroll of enchant weapon {unknown}
Potions
 c - a potion of degeneration {unknown}
 i - 2 potions of curing
 k - 2 potions of attraction {unknown}
 m - a potion of brilliance {unknown}
 p - 2 potions of heal wounds {unknown}
 u - a potion of flight {unknown}


   Skills:
 * Level 6.4 Fighting
 - Level 2.1 Dodging
 - Level 1.5 Stealth
 + Level 10.7 Spellcasting


You had 7 spell levels left.
You knew the following spells:

 Your Spells              Type           Power      Damage    Failure   Level
a - Magic Dart            Conj           100%       1d8       1%          1
b - Searing Ray           Conj           100%       2d8       1%          2
c - Dazzling Flash        Conj/Hex       100%       N/A       1%          3
d - Fulminant Prism       Conj/Hex       28%        3d14      1%          4
e - Iskenderun's Mystic   Conj/Tloc      56%        2d12      1%          4
f - Apportation           Tloc           100%       N/A       1%          1
g - Scorch                Fire           100%       2d10      1%          2
h - Frozen Ramparts       Ice            100%       1d12      1%          3
i - Inner Flame           Hex/Fire       56%        N/A       1%          3
Your spell library was empty.

Dungeon Overview and Level Annotations

Branches:
Dungeon (8/15)             Temple (1/1) D:7            Lair (0/6) D:8
Ossuary (visited)

Altars:
Cheibriados
Dithmenos
Elyvilon
Gozag
Hepliaklqana
Makhleb
Nemelex Xobeh
Okawaru
Qazlal
Ru
Sif Muna
Uskayaw
Vehumet
Xom
Yredelemnul
Zin
The Shining One

Shops:
D:2 :   D:5 [   D:7 *   D:8 !


Innate Abilities, Weirdness & Mutations

You are immune to sickness and miasma.
You are immune to poison.
Your flesh is very heat resistant. (rF++)
You are vulnerable to cold. (rC-)
You float through the air rather than walking.
You learn spells naturally, not from books.
Your magical power is your life essence.
You have superior vitality. (+4 HP)


Message History

Casting: Scorch (safe; 1% risk of failure)
Confirm with . or Enter, or press ? or * to list all spells.
Aiming: Magic Dart (safe; 1% risk of failure)
Press: ? - help, Shift-Dir - straight line, f - warg
Aim: a warg (wandering, hasn't noticed you, 100% to hit)
The magic dart hits the warg!
The warg is moderately wounded.
The warg howls!
You hear a shout!
Casting: Magic Dart (safe; 1% risk of failure)
Confirm with . or Enter, or press ? or * to list all spells.
Aiming: Magic Dart (safe; 1% risk of failure)
Press: ? - help, Shift-Dir - straight line, f/p - warg
Aim: a warg (moderately wounded, 100% to hit)
The magic dart hits the warg.
The warg is moderately wounded.
Casting: Magic Dart (safe; 1% risk of failure)
Confirm with . or Enter, or press ? or * to list all spells.
Flames lash the orc priest.
The orc priest is heavily wounded.
The orc priest's fire resistance burns away.
The warg bites you!
* * * LOW HITPOINT WARNING * * *
Casting: Scorch (safe; 1% risk of failure)
Confirm with . or Enter, or press ? or * to list all spells.
Flames lash the orc priest.
The orc priest is burned terribly!
You kill the orc priest!
Makhleb accepts your kill.
* * * LOW HITPOINT WARNING * * *
The warg bites you!
* * * LOW HITPOINT WARNING * * *
Casting: Scorch (safe; 1% risk of failure)
Confirm with . or Enter, or press ? or * to list all spells.
Flames lash the warg.
The warg is heavily wounded.
The warg's fire resistance burns away.
* * * LOW HITPOINT WARNING * * *
The warg bites you.
* * * LOW HITPOINT WARNING * * *
You feel better. The warg bites you!
You die...

## ## .#.####.##...
#.###. ......#.#####
#...###..# #.#.##...
#..(.#.#####.#...###
#.....#...###...## #
...#....#....#.####
##...#.....#...#
#.###.#....#....# #
..#@..###...#.....#.
....#h...#.###.#....#.
#.... #)....# ###...#
#......#.h..# ###.#
#.....###...# ##
.#.### #)###.# # ..#
## .... #....


You could see 2 wargs.

Vanquished Creatures
  A two-headed ogre (D:8)
  6 yaks (D:8)
  A wyvern (D:6)
  2 water moccasins
  An orc warrior (D:6)
  A hornet zombie (D:7)
  2 ice beasts
  A black bear (D:5)
  A necrophage (D:7)
  4 ogres
  A phantom (D:6)
  A kobold brigand (D:7)
  4 bullfrogs
  4 scorpions
  A wyvern skeleton (D:6)
  6 killer bees (D:7)
  A jelly (D:6)
  A bullfrog zombie (D:5)
  A centaur zombie (D:7)
  A hound (D:5)
  A human zombie (D:4)
  3 orc priests
  2 iguanas (D:7)
  3 orc wizards
  8 mummies (Ossuary)
  A howler monkey zombie (D:6)
  A howler monkey skeleton (D:7)
  9 adders
  4 white imps
  An adder skeleton (D:5)
  2 worms
  A dart slug (D:3)
  12 orcs
  4 ball pythons
  6 endoplasms
  A giant cockroach (D:3)
  2 gnoll zombies (Ossuary)
  9 goblins
  5 hobgoblins
  3 quokkas
  7 bats
  4 frilled lizards
  3 hobgoblin zombies (Ossuary)
  13 kobolds
  2 kobold zombies (Ossuary)
  An orc zombie (Ossuary)
  2 rats (D:1)
151 creatures vanquished.

Notes
Turn   | Place    | Note
-------+----------+-------------------------------------------
     0 | D:1      | oldriver the Djinni Conjurer began the quest for the Orb.
     0 | D:1      | Reached XP level 1. HP: 15/15 MP: 0/0
   241 | D:1      | Reached XP level 2. HP: 19/21 MP: 0/0
   978 | D:1      | Reached XP level 3. HP: 25/26 MP: 0/0
   978 | D:1      | Learned a level 1 spell: Apportation
  1652 | D:2      | Reached skill level 1 in Fighting
  1652 | D:2      | Reached skill level 4 in Spellcasting
  1694 | D:2      | Noticed an ogre
  1700 | D:2      | Killed an ogre
  1701 | D:2      | Reached XP level 4. HP: 23/33 MP: 0/0
  1701 | D:2      | Reached XP level 5. HP: 27/38 MP: 0/0
  1701 | D:2      | Learned a level 2 spell: Scorch
  1815 | D:2      | Found Tibair Minyi's Book Shoppe.
  2444 | D:3      | Found a faded altar of an unknown god.
  3329 | D:3      | You are sucked into a shaft and drop 2 floors!
  3329 | D:5      | Entered Level 5 of the Dungeon
  3339 | D:5      | Noticed an ogre
  3351 | D:5      | Reached skill level 5 in Spellcasting
  3351 | D:5      | Reached XP level 6. HP: 31/43 MP: 0/0
  3580 | D:4      | Found a sand-covered staircase.
  3593 | D:4      | Reached XP level 7. HP: 20/49 MP: 0/0
  3593 | D:4      | Learned a level 3 spell: Frozen Ramparts
  3602 | D:4      | Identified the +8 hand axe of Acsilef {freeze, rElec SInv}
  3607 | Ossuary  | Entered an ossuary
  4332 | Ossuary  | Reached skill level 6 in Spellcasting
  4792 | D:5      | Found Mucvaq's Armour Shoppe.
  4800 | D:5      | Bought a scarf of resistance for 320 gold pieces
  4894 | D:5      | Reached XP level 8. HP: 26/56 MP: 0/0
  5059 | D:5      | Found a white marble altar of Elyvilon.
  5099 | D:5      | Found a hide-covered altar of Uskayaw.
  5324 | D:5      | Reached skill level 7 in Spellcasting
  5872 | D:6      | Found a basalt altar of Yredelemnul.
  6155 | D:6      | Reached skill level 8 in Spellcasting
  6155 | D:6      | Reached XP level 9. HP: 57/63 MP: 0/0
  6155 | D:6      | Learned a level 3 spell: Inner Flame
  6570 | D:6      | Reached skill level 5 in Fighting
  7368 | D:7      | Reached skill level 9 in Spellcasting
  7523 | D:7      | Found an opulent altar of Gozag.
  7527 | D:7      | Found Gozag's Platinum Reserve.
  8015 | D:7      | Found a glowing silver altar of Zin.
  8139 | D:7      | Found a staircase to the Ecumenical Temple.
  8206 | Temple   | Entered the Ecumenical Temple
  8272 | Temple   | Became a worshipper of Makhleb the Destroyer
  8297 | D:7      | Reached XP level 10. HP: 62/71 MP: 0/0
  8635 | D:8      | Found a staircase to the Lair.
  8665 | D:8      | Found Fuehint's Distillery.
  8710 | D:8      | Noticed a two-headed ogre
  8720 | D:8      | Killed a two-headed ogre
  8721 | D:8      | Reached skill level 10 in Spellcasting
  8766 | D:8      | Slain by a warg

Illustrated notes

Levels and vault maps discovered:
D:1:      dpeg_arrival_boxorama, layout_loops_ring
D:2:      layout_basic, serial_shops, shop_fountains, minmay_misc_feat_tiny
D:3:      layout_basic, basic_ecumenical_altar
D:4:      layout_basic, enter_ossuary_3
D:5:      layout_basic, mainiacjoe_overflow_24_doors,
          mainiacjoe_overflow_chevrons, serial_shops, nicolae_stop_n_shop_2
D:6:      layout_gridville, mainiacjoe_overflow_brackets
D:7:      layout_loops_corners, nicolae_gozag_zags_fifth_avenue,
          lemuel_tele_altar, minmay_temple_entry_hall
D:8:      nicolae_BIG_FREAKIN_CUBE, layout_loops_ring,
          erik_lair_orcish_takeover, serial_shops, shop, mrwooster_statue_mirror
Temple:   eino_temple_scatter_basement

Skill      XL: |  1  2  3  4  5  6  7  8  9 10 |
---------------+-------------------------------+-----
Fighting       | 1 2 3 4 5 6 |  6.4
Spellcasting   | 4 5 6 8 9 10 | 10.7
Dodging        | |  2.1
Stealth        | |  1.5

Action                   |  1- 3 |  4- 6 |  7- 9 | 10-12 || total
-------------------------+-------+-------+-------+-------++-------
 Cast: Magic Dart        |    64 |    42 |   164 |     8 ||   278
       Scorch            |       |    30 |    94 |    22 ||   146
       Apportation       |       |     1 |       |       ||     1
       Dazzling Flash    |       |       |     2 |       ||     2
       Frozen Ramparts   |       |       |     2 |     1 ||     3
  Use: Scroll            |       |     5 |       |       ||     5
       Potion            |       |       |     1 |     1 ||     2
Armor: Robe              |       |     1 |     7 |       ||     8
Dodge: Dodged            |     1 |     6 |    34 |     4 ||    45

Table legend: (Time is in decaauts)
 A = Elapsed time spent in this place.
 B = Non-inter-level travel time spent in this place.
 C = Inter-level travel time spent in this place.
 D = Time resting spent in this place.
 E = Time spent auto-exploring this place.
 F = Levels seen in this place.
 G = Mean time per level.
                   A        B        C        D        E       F      G
               +--------+--------+--------+--------+--------+-----+--------+
         Total |   8766 |   8445 |    321 |   1502 |   5865 |  10 |  876.6 |
       Dungeon |   7874 |   7564 |    310 |   1071 |   5551 |   8 |  984.2 |
        Temple |     77 |     66 |     11 |      0 |     49 |   1 |   77.0 |
       Ossuary |    814 |    814 |      0 |    431 |    265 |   1 |  814.0 |
               +--------+--------+--------+--------+--------+-----+--------+

Top non-repeatable levels by time:
     D:7: 1556 daAuts
     D:2: 1325 daAuts
     D:6: 1302 daAuts
     D:1: 1114 daAuts
     D:5: 1072 daAuts
     D:3: 937 daAuts
 Ossuary: 814 daAuts
     D:4: 442 daAuts
     D:8: 123 daAuts
  Temple: 77 daAuts
